 Dungeon Crawl Stone Soup version 0.28.0-49-g6dfe1f597d (webtiles) character file.

Game seed: 2317837469163899029

609 nickcage the Cudgeller (level 7, -4/52 HPs)
             Began as a Demonspawn Abyssal Knight on May 11, 2022.
             Was a Believer of Lugonu.
             Killed from afar by an acid dragon (27 damage)
             ... with a splash of acid
             ... on level 6 of the Dungeon.
             The game lasted 00:09:09 (5301 turns).

nickcage the Cudgeller (Demonspawn Abyssal Knight)  Turns: 5301, Time: 00:09:10

Health: -4/52      AC:  8    Str: 15    XL:     7   Next: 19%
Magic:  2/2        EV:  6    Int: 12    God:    Lugonu [**....]
Gold:   251        SH:  4    Dex: 16    Spells: 6/6 levels left

rFire   + + +      SeeInvis .   z - +5 mace of Plunder {antimagic, rF++ rC+++ Will+ Dex-3}
rCold   + + +      Faith    .   (no shield)
rNeg    . . .      Spirit   .   u - +2 chain mail {rF+}
rPois   +          Reflect  .   x - +0 helmet
rElec   .          Harm     .   o - +0 cloak
rCorr   .          Rampage  .   (no gloves)
Will    +....                   (no boots)
Stlth   ..........              (no amulet)
HPRegen 0.17/turn               m - ring of poison resistance
MPRegen 0.08/turn               w - +6 ring of dexterity

@: corroded
A: claws 2, hooves 1, condensation shield
a: Renounce Religion, Depart the Abyss, Bend Space


You were on level 6 of the Dungeon.
You worshipped Lugonu.
Lugonu was pleased with you.
You visited 1 branch of the dungeon, and saw 6 of its levels.
You visited the Abyss 1 time.

You collected 251 gold pieces.

Inventory:

Hand Weapons
 j - a +1 flail of draining
 z - the +5 mace of Plunder (weapon) {antimagic, rF++ rC+++ Will+ Dex-3}
   (You found it on level 5 of the Dungeon)

   It reduces the magical energy of the wielder, and disrupts the spells and
   magical abilities of those it strikes.
   Natural abilities and divine invocations are not affected.
   Dex:       It affects your dexterity (-3).
   rF:        It greatly protects you from fire.
   rC:        It renders you almost immune to cold.
   Will:      It increases your willpower.
Missiles
 h - 6 poisoned darts (quivered)
Armour
 o - a +0 cloak (worn)
 u - a +2 chain mail of fire resistance (worn)
 x - a +0 helmet (worn)
Jewellery
 m - a ring of poison resistance (left claw)
 w - a +6 ring of dexterity (right claw)
 y - a ring of magical power
Wands
 g - a wand of polymorph (10)
Scrolls
 a - 2 scrolls of vulnerability {unknown}
 e - 2 scrolls of teleportation {unknown}
 i - a scroll of fog {unknown}
 k - 2 scrolls of amnesia {unknown}
 l - 5 scrolls of identify {unknown}
 n - 2 scrolls of summoning {unknown}
 q - a scroll of enchant weapon {unknown}
 s - a scroll of torment {unknown}
 t - a scroll of acquirement {unknown}
Potions
 b - a potion of mutation {unknown}
 c - a potion of heal wounds {unknown}
 d - a potion of curing {unknown}
 f - a potion of resistance {unknown}
 p - a potion of cancellation {unknown}
 r - a potion of attraction {unknown}
 v - a potion of might {unknown}


   Skills:
 - Level 3.0 Fighting
 + Level 7.1 Maces & Flails
 - Level 1.0 Throwing
 - Level 1.7 Armour
 - Level 0.8 Dodging
 - Level 0.9 Shields
 - Level 2.4 Invocations


You had 6 spell levels left.
You didn't know any spells.
Your spell library was empty.

Dungeon Overview and Level Annotations

Branches:
Dungeon (6/15)
 Temple: D:4-7

Altars:
Fedhas
Vehumet
Yredelemnul


Innate Abilities, Weirdness & Mutations

You have very sharp fingernails.
You have large cloven feet.
A meltable shield of frost defends you. (SH +4)


Message History

You climb downwards.
Found a stone staircase leading down.
There is a stone staircase leading up here.
Welcome back, nickcage the Demonspawn Abyssal Knight.
Lugonu says: Spread carnage and corruption!
Press ? for a list of commands and other information. 2 orcs come into view.
The orc shouts! x2
An orc wizard comes into view. It is wielding a +0 dagger.
An orc comes into view. It is wielding a +1 vorpal flail.
The orc wizard shouts!
The orc shouts!
A hound comes into view.
An orc comes into view. It is wielding a +0 club.
The orc shouts!
The hound barks!
The hound bites you but does no damage.
Found a notched pearl ring.
An acid dragon and an orc come into view.
Found a crooked copper wand.
The acid dragon roars!
The orc shouts!
You block the hound's attack. The acid dragon spits acid at you.
The splash of acid hits you!!
Ouch! That really hurt!
The acid corrodes you!
You thump the hound! You kick the hound, but do no damage.
The hound is severely wounded.
The hound barely misses you.
You hit the hound. Your kick misses the hound.
The hound is almost dead.
The hound bites you but does no damage. x2
The orc wizard mumbles some strange words.
The orc wizard flickers and vanishes!
Deactivating autopickup; reactivate with Ctrl-A.
You closely miss the hound.
The hound is almost dead.
The hound bites you. The acid dragon spits acid at you.
The splash of acid hits you!!
Ouch! That really hurt!
You die...

.. ######## .#
##......#####.
#.........##.#
#.......<..#.##
#....>...#o...#
#########o.o##..#
......##ho###
#o.# #.D..@###
#o.#
####.........
.o.. ...........
o..#
............. ...
...o=..........
...
...............
...............
............./.


You could see an acid dragon (catching breath), a hound and 5 orcs.

Vanquished Creatures
  A centaur (D:5)
  A phantom (D:4)
  A scorpion (D:5)
  A wyvern skeleton (D:5)
  2 hounds (D:5)
  A human skeleton (D:5)
  A jelly (D:5)
  Crazy Yiuf (D:3)
  A bullfrog skeleton (D:5)
  Terence (D:2)
  5 adders
  A howler monkey skeleton (D:5)
  2 white imps (D:5)
  2 ufetubi (D:5)
  3 dart slugs
  5 orcs
  3 ball pythons
  7 bats
  6 endoplasms
  2 giant cockroaches
  2 goblins
  5 hobgoblins
  4 jackals (D:1)
  4 quokkas
  5 frilled lizards
  5 kobolds
  10 rats
82 creatures vanquished.

Notes
Turn   | Place    | Note
-------+----------+-------------------------------------------
     0 | Abyss:1  | nickcage the Demonspawn Abyssal Knight began the quest for
                  | the Orb.
     0 | Abyss:1  | Reached XP level 1. HP: 18/18 MP: 2/2
     0 | D:1      | Escaped the Abyss
    26 | D:1      | Reached skill level 2 in Maces & Flails
   145 | D:1      | Discovered your monstrous ancestry.
   145 | D:1      | Gained mutation: You have sharp fingernails. [demonic
                  | ancestry]
   145 | D:1      | Reached XP level 2. HP: 18/24 MP: 3/3
   393 | D:1      | Reached * piety under Lugonu
   567 | D:1      | Reached skill level 3 in Maces & Flails
  1129 | D:2      | Gained mutation: A meltable shield of frost defends you.
                  | (SH +4) [demonic ancestry]
  1129 | D:2      | Reached XP level 3. HP: 24/29 MP: 4/4
  1266 | D:2      | Noticed Terence
  1281 | D:2      | Killed Terence
  1713 | D:2      | Found a radiant altar of Vehumet.
  1839 | D:2      | Gained mutation: You have very sharp fingernails. [demonic
                  | ancestry]
  1839 | D:2      | Reached XP level 4. HP: 33/34 MP: 5/5
  1917 | D:2      | Reached skill level 4 in Maces & Flails
  2153 | D:3      | Found a blossoming altar of Fedhas.
  2438 | D:3      | Found a faded altar of an unknown god.
  2521 | D:3      | Reached ** piety under Lugonu
  2820 | D:3      | Found a runed translucent door.
  2821 | D:3      | Noticed Crazy Yiuf
  2828 | D:3      | Killed Crazy Yiuf
  2829 | D:3      | Gained mutation: You have large cloven feet. [demonic
                  | ancestry]
  2829 | D:3      | Reached XP level 5. HP: 23/41 MP: 6/6
  3367 | D:4      | Noticed a phantom
  3380 | D:4      | Killed a phantom
  3381 | D:4      | Reached skill level 5 in Maces & Flails
  3381 | D:4      | Reached skill level 1 in Throwing
  4021 | D:5      | Entered Level 5 of the Dungeon
  4048 | D:5      | Reached XP level 6. HP: 47/47 MP: 7/7
  4269 | D:5      | Reached skill level 6 in Maces & Flails
  4820 | D:5      | Identified the +5 mace of Plunder {antimagic, rF++ rC+++
                  | Will+ Dex-3}
  4854 | D:5      | Found a runed translucent door.
  4855 | D:5      | Noticed a human
  4855 | D:5      | Noticed a yak
  4855 | D:5      | Noticed a yak
  4856 | D:5      | Found a basalt altar of Yredelemnul.
  4856 | D:5      | Noticed a yak
  4856 | D:5      | Noticed a yak
  4866 | D:5      | Reached XP level 7. HP: 42/52 MP: 2/8
  4974 | D:5      | Reached skill level 7 in Maces & Flails
  5301 | D:6      | Killed from afar by an acid dragon

Illustrated notes

Levels and vault maps discovered:
D:1:      minmay_arrival_shattered_statue, layout_basic
D:2:      layout_loops_cross, basic_altar, uniq_terence
D:3:      layout_basic, mainiacjoe_overflow_cross_hatched,
          nicolae_ecumenical_pavilion, uniq_crazy_yiuf_cottage
D:4:      layout_gridville, serial_bayou_pond_a
D:5:      layout_basic, dk_yredelemnul_ordeal, serial_glass, glass_columns_a,
          glass_columns_b, glass_columns_a, glass_columns_c, glass_columns_b,
          glass_columns_b
D:6:      layout_cave_pods, nicolae_tso_besieged_by_evil,
          mainiacjoe_overflow_small_starburst, lemuel_temple_firewalk_b,
          uniq_menkaure

Skill      XL: |  1  2  3  4  5  6  7 |
---------------+----------------------+-----
Maces & Flails | 2 3 4 5 6 7 |  7.1
Throwing       | 1 |  1.0
Fighting       | |  3.0
Armour         | |  1.7
Dodging        | |  0.8
Shields        | |  0.9
Invocations    | |  2.4

Action                   |  1- 3 |  4- 6 |  7- 9 || total
-------------------------+-------+-------+-------++-------
Melee: Mace              |    81 |     6 |    10 ||    97
       Punch             |     2 |     1 |       ||     3
       Flail             |    29 |   135 |       ||   164
       Kick              |       |    24 |     4 ||    28
Throw: Dart              |     2 |     5 |       ||     7
Invok: Depart the Abyss  |     1 |       |       ||     1
Armor: Leather armour    |    40 |       |       ||    40
       Ring mail         |     6 |       |       ||     6
       Chain mail        |    31 |    96 |    13 ||   140
Dodge: Dodged            |    88 |    33 |     7 ||   128
Block: Other             |     9 |    25 |     5 ||    39
